 Dungeon Sprint DCSS version bcrawl-1.23 (webtiles) character file.

Game seed: 5197345194033998416

2074 Freyura the Carver (level 9, -1/85 HPs)
             Began as a Minotaur Fighter on May 26, 2020.
             Was a Priest of the Shining One.
             Slain by a white ugly thing (11 damage)
             ... in the Dungeon (Sprint IX: "|||||||||||||||||||||||||||||").
             The game lasted 00:04:44 (412 turns).

Freyura the Carver (Minotaur Fighter)                Turns: 412, Time: 00:04:45

Health: -1/85      AC: 10    Str: 21    XL:     9   Next: 6%
Magic:  11/13      EV: 13    Int:  5    God:    the Shining One [***...]
Gold:   0          SH: 16    Dex: 16    Spells: 8/8 levels left

rFire    . . .     SeeInvis .   m - +2 scimitar (flame)
rCold    . . .     Gourm    .   c - +0 medium shield
rNeg     + . .     Faith    .   b - +0 scale mail
rPois    .         Spirit   .   (helmet restricted)
rElec    .         Reflect  .   (no cloak)
rCorr    .         Harm     .   (no gloves)
MR       .....     NoTele   +   (no boots)
Stlth    ..........             (no amulet)
HPRegen  0.24/turn              o - +2 ring of protection
MPRegen  0.13/turn              p - +3 ring of dexterity

@: glowing
A: retaliatory headbutt, horns 2
a: Divine Shield, Renounce Religion


You were in the Dungeon.
You worshipped the Shining One.
The Shining One was most pleased with you.
You were not hungry.

You visited 1 branch

Inventory:

Hand Weapons
 a - a +0 flail
 m - a +2 scimitar of flaming (weapon)
Armour
 b - a +0 scale mail (worn)
 c - a +0 medium shield (worn)
 n - a +1 chain mail
Jewellery
 o - a +2 ring of protection (left hand)
 p - a +3 ring of dexterity (right hand)
Wands
 l - a wand of iceblast (9)
Scrolls
 d - 3 scrolls of remove curse
 j - 2 scrolls of amnesia
 k - 2 scrolls of blinking
Potions
 f - 5 potions of curing
 h - a potion of haste
 i - 4 potions of magic
Comestibles
 e - a ration {!d}


   Skills:
 + Level 10.1 Fighting
 * Level 11.2 Long Blades
 - Level 7.4 Maces & Flails
 + Level 10.2 Armour
 + Level 8.6 Dodging
 + Level 10.2 Shields
 + Level 6.6 Invocations


You had 8 spell levels left.
You didn't know any spells.
Your spell library was empty.

Dungeon Overview and Level Annotations

Branches:
Dungeon (1/1)

Altars:
Cheibriados
Dithmenos
Elyvilon
Fedhas
Gozag
Hepliaklqana
Kikubaaqudgha
Lugonu
Makhleb
Nemelex Xobeh
Okawaru
Qazlal
Ru
Sif Muna
Trog
Uskayaw
Vehumet
Wu Jian
Xom
Yredelemnul
Zin
The Shining One
Beogh
Jiyva


Innate Abilities, Weirdness & Mutations

You reflexively headbutt those who attack you in melee.
You have a pair of horns on your head.


Message History

The white ugly thing is heavily wounded.
The white ugly thing stings you but does no damage.
You slash the white ugly thing! You burn the white ugly thing.
You headbutt the white ugly thing!
The white ugly thing is severely wounded.
The white ugly thing stings you. The white ugly thing freezes you!!
The Shining One protects you from harm!
You hit the white ugly thing. You burn the white ugly thing.
The white ugly thing is almost dead.
The white ugly thing stings you. The white ugly thing freezes you!!
* * * LOW HITPOINT WARNING * * *
You hit the white ugly thing. You burn the white ugly thing.
You headbutt the white ugly thing.
The white ugly thing is almost dead.
The white ugly thing stings you but does no damage.
You hit the white ugly thing. You burn the white ugly thing.
Your headbutt misses the white ugly thing.
The white ugly thing is almost dead.
The white ugly thing stings you!
You die... ▓▓▓▓▓▓▓▓▓▓▓▓▓▓▓▓▓▓▓▓▓▓▓ .|)[[...÷......'@ucS..+ ▓▓▓▓▓▓▓▓▓▓▓▓▓▓▓▓▓▓▓▓▓▓▓

You could see a white ugly thing, a centaur warrior and an adder.

Vanquished Creatures
  2 centaur warriors (D)
  A manticore (D)
  A wyvern (D)
  A centaur (D)
  2 scorpions (D)
  A crimson imp (D)
  A jelly (D)
  A worker ant (D)
  A dart slug (D)
  2 bat skeletons (D)
  2 hobgoblins (D)
  A jackal (D)
  A bat (D)
  A kobold (D)
  A quokka skeleton (D)
19 creatures vanquished.

Notes
Turn   | Place    | Note
-------+----------+-------------------------------------------
     0 | D        | Freyura the Minotaur Fighter began the quest for the Orb.
     0 | D        | Reached XP level 1. HP: 19/19 MP: 0/0
    12 | D        | Reached skill level 1 in Dodging
    27 | D        | Noticed a crimson imp
    27 | D        | Noticed a centaur
    27 | D        | Noticed a worker ant
    33 | D        | Killed a crimson imp
    33 | D        | Reached skill level 5 in Maces & Flails
    33 | D        | Reached XP level 2. HP: 28/28 MP: 1/1
    33 | D        | Reached XP level 3. HP: 35/35 MP: 2/2
    36 | D        | Killed a centaur
    36 | D        | Reached skill level 5 in Fighting
    36 | D        | Reached skill level 5 in Armour
    36 | D        | Reached skill level 5 in Shields
    36 | D        | Reached XP level 4. HP: 27/44 MP: 3/3
    40 | D        | Reached XP level 5. HP: 30/50 MP: 4/4
    47 | D        | Found a roughly hewn altar of Beogh.
    47 | D        | Found a snail-covered altar of Cheibriados.
    47 | D        | Found a shadowy altar of Dithmenos.
    47 | D        | Found a white marble altar of Elyvilon.
    47 | D        | Found a blossoming altar of Fedhas.
    47 | D        | Found an opulent altar of Gozag.
    48 | D        | Found a hazy altar of Hepliaklqana.
    49 | D        | Found a viscous altar of Jiyva.
    50 | D        | Found an ancient bone altar of Kikubaaqudgha.
    51 | D        | Found a corrupted altar of Lugonu.
    52 | D        | Found a burning altar of Makhleb.
    53 | D        | Found a sparkling altar of Nemelex Xobeh.
    54 | D        | Found an iron altar of Okawaru.
    55 | D        | Found a stormy altar of Qazlal.
    56 | D        | Found a sacrificial altar of Ru.
    57 | D        | Found a shimmering blue altar of Sif Muna.
    58 | D        | Found a bloodstained altar of Trog.
    59 | D        | Found a hide-covered altar of Uskayaw.
    60 | D        | Found a radiant altar of Vehumet.
    61 | D        | Found an ornate altar of the Wu Jian Council.
    62 | D        | Found a shimmering altar of Xom.
    63 | D        | Found a basalt altar of Yredelemnul.
    64 | D        | Found a glowing silver altar of Zin.
    65 | D        | Found a glowing golden altar of the Shining One.
   137 | D        | Became a worshipper of the Shining One
   161 | D        | Noticed a wyvern
   161 | D        | Reached * piety under the Shining One
   161 | D        | Noticed a manticore
   164 | D        | Reached skill level 2 in Long Blades
   164 | D        | Reached skill level 1 in Invocations
   168 | D        | Killed a wyvern
   168 | D        | Reached skill level 5 in Long Blades
   168 | D        | Reached skill level 5 in Dodging
   168 | D        | Reached XP level 6. HP: 29/60 MP: 4/7
   172 | D        | Reached skill level 6 in Long Blades
   178 | D        | Killed a manticore
   178 | D        | Reached skill level 8 in Long Blades
   178 | D        | Reached XP level 7. HP: 23/69 MP: 5/9
   385 | D        | Noticed a centaur warrior
   385 | D        | Reached ** piety under the Shining One
   385 | D        | Noticed a centaur warrior
   385 | D        | Noticed a white ugly thing
   385 | D        | Noticed a centaur warrior
   385 | D        | Reached *** piety under the Shining One
   394 | D        | Killed a centaur warrior
   394 | D        | Reached skill level 10 in Long Blades
   394 | D        | Reached XP level 8. HP: 52/78 MP: 9/11
   404 | D        | Killed a centaur warrior
   404 | D        | Reached skill level 10 in Fighting
   404 | D        | Reached skill level 11 in Long Blades
   404 | D        | Reached skill level 10 in Armour
   404 | D        | Reached skill level 10 in Shields
   404 | D        | Reached XP level 9. HP: 31/85 MP: 10/13
   409 | D        | The Shining One protects you from harm!
   412 | D        | Slain by a white ugly thing

Skill      XL: |  1  2  3  4  5  6  7  8 |
---------------+-------------------------+-----
Fighting       | 4 5 6 7 8 9 10 | 10.1
Maces & Flails | 5 7 |  7.4
Dodging        | 2 3 4 5 7 8 |  8.6
Armour         | 4 5 6 7 8 9 10 | 10.2
Shields        | 4 5 6 7 8 9 10 | 10.2
Long Blades    | 5 8 10 11 | 11.2
Invocations    | 3 4 6 |  6.6

Action                   |  1- 3 |  4- 6 |  7- 9 || total
-------------------------+-------+-------+-------++-------
Melee: Flail             |    23 |     5 |       ||    28
       Headbutt          |     3 |     6 |     9 ||    18
       Scimitar          |       |    16 |    22 ||    38
Evoke: Wand              |       |       |     1 ||     1
  Use: Potion            |     2 |     1 |     2 ||     5
Armor: Scale mail        |     9 |     6 |     6 ||    21
Dodge: Dodged            |     6 |     9 |     5 ||    20
Block: Medium shield     |     6 |    15 |     9 ||    30
